 Dungeon Crawl Stone Soup version 0.27-a0-1220-g54dba09ff7 (webtiles) character file.

Game seed: 9845033018478797112

352 Delamore the Poker (level 6, 0/51 HPs)
             Began as a Formicid Fighter on June 7, 2021.
             Was a Believer of Wu Jian.
             Slain by a water moccasin (5 damage)
             ... on level 3 of the Dungeon.
             The game lasted 00:03:10 (3543 turns).

Delamore the Poker (Formicid Fighter)               Turns: 3543, Time: 00:03:11

Health: 0/51       AC:  6    Str: 23    XL:     6   Next: 94%
Magic:  6/6        EV:  8    Int:  7    God:    Wu Jian [**....]
Gold:   961        SH:  9    Dex: 10    Spells: 5/5 levels left

rFire    . . .     SeeInvis +   a - +0 trident
rCold    . . .     Faith    .   c - +0 kite shield
rNeg     . . .     Spirit   .   b - +0 scale mail
rPois    .         Reflect  .   (helmet unavailable)
rElec    .         Harm     .   (no cloak)
rCorr    .         Rampage  .   (no gloves)
Will     .....                  (no boots)
Stlth    ..........             (no amulet)
HPRegen  0.17/turn              (no ring)
MPRegen  0.10/turn              (no ring)

@: no status effects
A: permanent stasis, dig shafts and tunnels, antennae 3, four strong arms
a: Dig, Shaft Self, Renounce Religion, Wall Jump


You were on level 3 of the Dungeon.
You worshipped Wu Jian.
Wu Jian was pleased with you.
You visited 1 branch of the dungeon, and saw 4 of its levels.

You collected 961 gold pieces.

Inventory:

Hand Weapons
 a - a +0 trident (weapon)
Missiles
 i - 8 poisoned darts (quivered)
 n - 6 javelins
Armour
 b - a +0 scale mail (worn)
 c - a +0 kite shield (worn)
Wands
 l - a wand of flame (7)
Potions
 d - a potion of might
 f - a potion of brilliance
 g - a potion of haste
 h - a potion of flight {unknown}
 j - 2 potions of magic {unknown}
 k - a potion of degeneration {unknown}
 m - a potion of cancellation {unknown}


   Skills:
 - Level 5.0 Fighting
 * Level 5.9 Polearms
 - Level 3.2 Armour
 - Level 3.6 Shields


You had 5 spell levels left.
You didn't know any spells.
Your spell library contained the following spells:

 Spells                   Type           Power      Damage    Failure   Level
 Beastly Appendage        Tmut           0%         N/A       98%         1
 Wereblood                Tmut           0%         N/A       99%         2
 Spider Form              Tmut/Pois      0%         N/A       100%        3
 Ice Form                 Ice/Tmut       0%         N/A       100%        4
 Hydra Form               Tmut           0%         N/A       100%        5


Dungeon Overview and Level Annotations

Branches:
Dungeon (4/15)
 Temple: D:4-7

Altars:
Wu Jian

Shops:
D:3 :


Innate Abilities, Weirdness & Mutations

You cannot be hasted, slowed, berserked, paralysed or teleported.
You can dig through walls and to a lower floor.
You have a pair of large antennae on your head. (SInv)
Your four strong arms can wield two-handed weapons with a shield.


Message History

The water moccasin poisons you! You block the water moccasin's attack.
You puncture the water moccasin!
The water moccasin is moderately wounded.
You feel very sick. The water moccasin bites you.
You are more poisoned.
The water moccasin poisons you!
You closely miss the water moccasin.
The water moccasin is moderately wounded.
You feel extremely sick. The water moccasin bites you.
You block the water moccasin's attack.
You feel very sick.
You feel very sick. The water moccasin barely misses you.
You feel very sick.
You feel very sick. The water moccasin bites you.
* * * LOW HITPOINT WARNING * * *
You feel sick.
You feel sick.
Okay, then.
You aren't carrying any scrolls.
It was a potion of haste.
Your stasis prevents you from being hasted.
You feel sick. The water moccasin bites you.
* * * LOW HITPOINT WARNING * * *
The water moccasin closely misses you.
It was a potion of curing.
You feel better. The water moccasin bites you.
* * * LOW HITPOINT WARNING * * *
Okay, then.
You aren't carrying any scrolls.
Unknown command.
There is nothing to wall jump against here.
Are you sure you want to shaft yourself?
You block the water moccasin's attack.
You begin to dig a shaft.
You continue digging a shaft.
The water moccasin bites you.
* * * LOW HITPOINT WARNING * * *
The water moccasin bites you.
You die...

.# #.##.....#.#.######.## .#
#.##.....#.#........## .#
#.##.....#.###########
#.##.....#.###########
#.######.#.#..........
#.######.#.#.#########
#........#.......<....
#####################.####.####
(...(........S@................
#####################.####.##.#
#.# #.....# #.###.(....
#.....##### #######


You could see a water moccasin.

Vanquished Creatures
  Grinder (D:3)
  Ijyb (D:3)
  An orc wizard (D:3)
  3 adders
  2 worms (D:2)
  3 dart slugs
  4 orcs (D:3)
  8 ball pythons
  6 bats
  3 endoplasms
  5 goblins
  9 hobgoblins
  2 jackals (D:3)
  8 kobolds
  2 quokkas
  3 frilled lizards
  2 rats
63 creatures vanquished.

Notes
Turn   | Place    | Note
-------+----------+-------------------------------------------
     0 | D:1      | Delamore the Formicid Fighter began the quest for the Orb.
     0 | D:1      | Reached XP level 1. HP: 18/18 MP: 1/1
     8 | D:1      | Found a faded altar of an unknown god.
    26 | D:1      | Reached XP level 2. HP: 19/24 MP: 2/2
    29 | D:1      | Became a worshipper of the Wu Jian Council
    29 | D:1      | Reached * piety under Wu Jian
   240 | D:1      | Reached XP level 3. HP: 30/30 MP: 3/3
  1447 | D:2      | Reached XP level 4. HP: 31/37 MP: 4/4
  2166 | D:3      | Identified a scroll of acquirement
  2166 | D:3      | Acquired 830 gold pieces
  2187 | D:3      | Noticed Ijyb
  2206 | D:3      | Killed Ijyb
  2207 | D:3      | Reached XP level 5. HP: 8/38 MP: 5/5
  2467 | D:3      | Noticed Grinder
  2722 | D:3      | Killed Grinder
  2723 | D:3      | Reached skill level 5 in Fighting
  2723 | D:3      | Reached skill level 5 in Polearms
  2723 | D:3      | Reached XP level 6. HP: 40/51 MP: 6/6
  2851 | D:3      | Reached ** piety under Wu Jian
  3048 | D:3      | Found Tin Itt's Book Shoppe.
  3526 | D:3      | Noticed a water moccasin
  3540 | D:3      | HP: 2/51 [water moccasin (6)]
  3543 | D:3      | Slain by a water moccasin

Illustrated notes

Levels and vault maps discovered:
D:1:      doesnt_arrival_eight_statues, layout_basic,
          ebering_ecumenical_altar_rust, glass_columns_a
D:2:      layout_rooms, serial_bayou_lagoon_a, kennysheep_generic_room_5
D:3:      layout_basic, serial_shops, shop, chequers_hall_statues_wall_a,
          uniq_grinder, uniq_ijyb
D:4:      layout_basic, temple_garden

Skill      XL: |  1  2  3  4  5 |
---------------+----------------+-----
Polearms       | 3 4 5 |  5.9
Fighting       | 4 5 |  5.0
Armour         | |  3.2
Shields        | |  3.6

Action                   |  1- 3 |  4- 6 || total
-------------------------+-------+-------++-------
Melee: Trident           |    99 |   159 ||   258
Throw: Dart              |       |    17 ||    17
Invok: Whirlwind         |       |     1 ||     1
 Abil: Dig               |       |     1 ||     1
       Shaft Self        |       |     1 ||     1
  Use: Scroll            |     3 |     1 ||     4
       Potion            |       |     3 ||     3
Armor: Scale mail        |    31 |    50 ||    81
Dodge: Dodged            |    21 |    40 ||    61
Block: Kite shield       |    48 |    78 ||   126

Table legend: (Time is in decaauts)
 A = Elapsed time spent in this place.
 B = Non-inter-level travel time spent in this place.
 C = Inter-level travel time spent in this place.
 D = Time resting spent in this place.
 E = Time spent auto-exploring this place.
 F = Levels seen in this place.
 G = Mean time per level.
                   A        B        C        D        E       F      G
               +--------+--------+--------+--------+--------+-----+--------+
         Total |   3624 |   3543 |     81 |    809 |   2186 |   4 |  906.0 |
       Dungeon |   3624 |   3543 |     81 |    809 |   2186 |   4 |  906.0 |
               +--------+--------+--------+--------+--------+-----+--------+

Top non-repeatable levels by time:
     D:3: 1435 daAuts
     D:2: 1148 daAuts
     D:1: 830 daAuts
     D:4: 210 daAuts
